 Dungeon Crawl Stone Soup version 0.27.0-1-g7a089689b8 (webtiles) character file.

Game seed: 4513545551955903520

66445 robertstho the Eclecticist (level 15, -1/92 HPs)
             Began as a Djinni Fire Elementalist on Aug 3, 2021.
             Was an Initiate of Gozag.
             Slain by a demonic crawler (6 damage)
             ... on level 1 of the Spider Nest.
             The game lasted 01:05:23 (35146 turns).

robertstho the Eclecticist (DjFE)                  Turns: 35146, Time: 01:05:26

Health: -1/92      AC:  9    Str:  7    XL:     15   Next: 62%
Gold:   3859       EV: 15    Int: 28    God:    Gozag SH:  5 Dex: 15

rFire    + + +     SeeInvis +   e - +10 lajatang of the Inferno {protect, *Slow rF+ rC++}
rCold    + + .     Faith    .   (shield currently unavailable)
rNeg     . . .     Spirit   .   J - +2 robe {Will+}
rPois    ∞         Reflect  +   S - +1 helmet {SInv}
rElec    .         Harm     .   p - scarf {repulsion}
rCorr    .         Rampage  .   u - +2 pair of gloves
Will     ++...                  (boots unavailable)
Stlth    +++.......             G - amulet of reflection
HPRegen  0.25/turn              M - ring of protection from cold
MPRegen  0.00/turn              E - +6 ring of intelligence

@: flying, repel missiles
A: sickness immunity, fire resistance 2, cold vulnerability 1, float, innate
caster, hp casting, extra vitality 1
a: Renounce Religion, Potion Petition, Call Merchant, Bribe Branch


You were on level 1 of the Spider Nest.
You worshipped Gozag.
Gozag was most pleased with you.
You visited 5 branches of the dungeon, and saw 21 of its levels.
You also visited: Gauntlet.

You collected 7549 gold pieces.
You spent 2810 gold pieces at shops.
You paid 880 gold pieces to Gozag.

Inventory:

Hand Weapons
 e - the +10 lajatang of the Inferno (weapon) {protect, *Slow rF+ rC++}
   (You found it on level 5 of the Lair of Beasts)

   It grants its wielder temporary protection when it strikes (+7 to AC).
   rF:        It protects you from fire.
   rC:        It greatly protects you from cold.
   *Slow:     It may slow you when you take damage.
 A - a +6 double sword of electrocution
Missiles
 I - a throwing net
Armour
 k - the +2 hat "Zabiykk" {Stlth+}
   (You found it in a Gauntlet)

   Stlth:     It makes you more stealthy.
 o - a scarf of resistance
 p - a scarf of repulsion (worn)
 q - a +2 cloak of preservation
 u - a +2 pair of gloves (worn)
 J - a +2 robe of willpower (worn)
 S - a +1 helmet of see invisible (worn)
Jewellery
 d - an amulet of the acrobat
 j - a ring of protection from fire
 z - a ring of see invisible
 C - a ring of willpower
 E - a +6 ring of intelligence (right hand)
 G - an amulet of reflection (around neck)
 M - a ring of protection from cold (left hand)
Wands
 r - a wand of digging (9)
 v - a wand of acid (16)
 D - a wand of iceblast (19)
 L - a wand of mindburst (63)
Scrolls
 a - 2 scrolls of enchant weapon
 c - 12 scrolls of teleportation
 g - 3 scrolls of enchant armour
 m - 2 scrolls of magic mapping
 s - 5 scrolls of immolation
 t - 2 scrolls of fog
 x - 3 scrolls of silence
 y - 2 scrolls of blinking
 B - 2 scrolls of fear
 F - 8 scrolls of identify
 H - a scroll of torment
 K - 2 scrolls of vulnerability
Potions
 b - 3 potions of might
 f - 3 potions of cancellation
 i - 5 potions of attraction
 n - 2 potions of brilliance
 w - 5 potions of mutation
 N - a potion of curing
 P - a potion of haste


   Skills:
 + Level 3.4 Fighting
 + Level 1.0 Staves
 + Level 7.4 Dodging
 + Level 5.3 Stealth
 + Level 3.3 Shields
 + Level 17.9 Spellcasting


You had 7 spell levels left.
You knew the following spells:

 Your Spells              Type           Power      Damage    Failure   Level
a - Foxfire               Conj/Fire      100%       2x1d9     0%          1
b - Conjure Flame         Conj/Fire      90%        6-21      0%          3
c - Inner Flame           Hex/Fire       90%        N/A       0%          3
d - Sticky Flame          Conj/Fire      90%        2d10      0%          4
e - Fireball              Conj/Fire      45%        3d18      1%          5
f - Shock                 Conj/Air       100%       1d9       0%          1
g - Call Imp              Summ           90%        N/A       0%          2
h - Ignite Poison         Fire/Tmut/Pois 90%        N/A       0%          3
i - Summon Lightning Spi  Summ/Air       90%        N/A       0%          4
j - Lightning Bolt        Conj/Air       45%        1d65      1%          5
k - Alistair's Intoxicat  Tmut/Pois      60%        N/A       1%          5
l - Statue Form           Tmut/Erth      60%        N/A       1%          6
Your spell library was empty.

Dungeon Overview and Level Annotations

Branches:
Dungeon (11/15)            Temple (0/1) D:4            Lair (6/6) D:8
  Swamp (1/4) Lair:4       Spider (1/4) Lair:2        Slime (0/5) Lair:6
    Orc (2/2) D:10            Elf (0/3) Orc:2       Gauntlet (visited)

Altars:
Dithmenos
Elyvilon
Fedhas
Gozag
Kikubaaqudgha
Nemelex Xobeh
Qazlal
Ru
Sif Muna
Trog
Wu Jian
Yredelemnul
The Shining One
Beogh

Shops:
D:7 (?   D:11 (   Orc:2 (:[*   Lair:5 ?

Annotations:
Orc:1 1 transporter, Exaltedone87's ghost, journeyman DsGl


Innate Abilities, Weirdness & Mutations

You are immune to sickness and miasma.
You are immune to poison.
Your flesh is very heat resistant. (rF++)
You are vulnerable to cold. (rC-)
You float through the air rather than walking.
You learn spells naturally, not from books.
Your magical power is your life essence.
You have superior vitality. (+4 HP)


Message History

Your lightning spire shoots out a bolt of lightning at the demonic crawler!
The bolt of electricity hits the demonic crawler!
The demonic crawler resists.
Unknown command.
Casting: Fireball (safe; 1% risk of failure)
Confirm with . or Enter, or press ? or * to list all spells.
Aiming: Fireball (safe; 1% risk of failure)
Press: ? - help, Shift-Dir - straight line, f/p - demonic crawler
Aim: a demonic crawler (heavily wounded, ally target)
The fireball explodes!
The fireball engulfs the demonic crawler!!
The demonic crawler resists.
The demonic crawler is severely wounded.
* * * LOW HITPOINT WARNING * * *
Casting: Fireball (safe; 1% risk of failure)
Confirm with . or Enter, or press ? or * to list all spells.
Aiming: Fireball (safe; 1% risk of failure)
Press: ? - help, Shift-Dir - straight line, f/p - demonic crawler
Aim: a demonic crawler (severely wounded, ally target)
The fireball explodes!
The fireball engulfs the demonic crawler!
The demonic crawler resists.
The demonic crawler is almost dead.
* * * LOW HITPOINT WARNING * * *
Casting: Fireball (safe; 1% risk of failure)
Confirm with . or Enter, or press ? or * to list all spells.
Aiming: Sticky Flame (safe; 0% risk of failure)
Press: ? - help, Shift-Dir - straight line, f/p - demonic crawler
Aim: a demonic crawler (almost dead, ally target, 100% to hit)
The sticky flame hits the demonic crawler.
The demonic crawler resists.
The demonic crawler is almost dead.
The demonic crawler is covered in liquid flames!
* * * LOW HITPOINT WARNING * * *
The demonic crawler burns!
The demonic crawler hits you.
* * * LOW HITPOINT WARNING * * *
The demonic crawler hits you but does no damage.
The demonic crawler hits you.
You die...
Your body crumbles into a pile of gold.

..#. #....###.##
....##. #........#.
...... #.......##.
...$###..(..###......
#$$..##......#......
#.....##..#..##...##
#..$$..#..##≈#......
#.$$...####..#.#...#
#$$@##..#....#≈#....
#8.s.####.....#....^
#^..##.....##.##^...
#...........≈##..##≈
##.......###≈#######
#........^≈##
##..#.#..##.#
#..###...#...
#...≈...##^....


You could see a demonic crawler (burning, ally target) and a friendly lightning
spire (summoned).

Vanquished Creatures
  A minotaur (Gauntlet)
  An ettin (Orc:2)
  Harold (D:7)
  6 hydras
  2 boulder beetles
  A death knight (D:9)
  A two-headed ogre (D:10)
  Nergalle (Lair:4)
  Urug (Lair:4)
  3 oklob plants (Lair:6)
  2 orb spiders (Spider:1)
  An orc knight (Orc:2)
  A manticore (D:11)
  4 orc sorcerers (Orc:2)
  2 cyclopes
  10 elephants
  A rust devil (Gauntlet)
  2 black mambas
  7 cane toads
  6 rime drakes
  7 komodo dragons
  3 demonic crawlers (Spider:1)
  2 freezing wraiths (D:11)
  3 polar bears (Lair:6)
  2 jumping spiders (Spider:1)
  2 hornets (Lair:6)
  2 trolls
  11 dream sheep
  8 blink frogs
  5 tarantellas (Spider:1)
  6 redbacks
  2 shadows
  9 spriggans (Lair:6)
  A ynoxinul (Gauntlet)
  31 yaks
  A basilisk (Lair:1)
  4 vampire mosquitoes (D:11)
  6 steam dragons (Lair:4)
  A warg (Orc:2)
  An acid dragon (D:11)
  14 water moccasins
  Duvessa (D:4)
  A sky beast (D:5)
  26 orc warriors
  3 black bears
  An ice beast (D:8)
  4 boggarts (Lair:6)
  10 ogres
  25 wolves
  3 phantoms (D:4)
  A centaur (D:10)
  2 kobold brigands
  2 gnoll sergeants
  3 scorpions
  13 bullfrogs
  A wyvern skeleton (D:7)
  A water moccasin skeleton (D:5)
  Dowan (D:4)
  3 killer bees (D:9)
  8 wights
  An electric eel (Lair:6)
  A bullfrog zombie (D:7)
  2 centaur zombies
  8 hounds
  A centaur skeleton (D:6)
  17 orc priests
  Crazy Yiuf (D:2)
  2 bullfrog skeletons
  4 iguanas
  2 iron imps (Gauntlet)
  A scorpion zombie (D:5)
  Jessica (D:2)
  Terence (D:3)
  23 orc wizards
  A hound skeleton (D:5)
  A howler monkey zombie (D:7)
  Robin (D:2)
  5 adders
  10 gnolls
  A shadow imp (D:6)
  2 white imps
  An ufetubus (D:6)
  An adder skeleton (D:4)
  3 worms
  2 dart slugs
  70 orcs
  6 bats
  3 endoplasms
  A giant cockroach (D:3)
  9 goblins
  13 hobgoblins
  11 jackals
  14 kobolds
  6 quokkas
  10 ball pythons
  3 rats (D:3)
  2 bushes (Lair:4)
  A butterfly (Lair:1)
526 creatures vanquished.

Vanquished Creatures (collateral kills)
  Saint Roka (Orc:2)
  A fire dragon (Lair:4)
  3 hydras
  A death knight (D:11)
  5 death yaks (Gauntlet)
  An orc high priest (Orc:2)
  2 lindwurms
  A necromancer (Gauntlet)
  2 orc knights (Orc:2)
  An orb spider (Spider:1)
  An orc sorcerer (Orc:2)
  3 wolf spiders (Spider:1)
  3 elephants
  3 black mambas
  A torpor snail (Spider:1)
  2 cane toads
  5 rime drakes
  4 komodo dragons
  A troll (Orc:2)
  3 hornets
  A blink frog (Lair:6)
  3 dream sheep (Lair:6)
  2 redbacks (Spider:1)
  2 spriggans (Lair:6)
  2 wraiths (D:11)
  3 wyverns
  7 yaks
  A basilisk (Lair:5)
  2 steam dragons (Lair:4)
  A swamp worm (Lair:4)
  7 water moccasins
  7 orc warriors (Orc:2)
  2 black bears (Lair:6)
  A centaur (D:9)
  A boggart (Lair:6)
  2 ogres
  9 wolves
  A kobold brigand (D:9)
  3 bullfrogs
  A centaur zombie (D:8)
  3 orc priests
  3 orc wizards (Orc:2)
  An adder skeleton (D:5)
  5 orcs
  5 kobolds
  5 foxfires
124 creatures vanquished.

Vanquished Creatures (others)
  An orc priest (Orc:2)
  A butterfly (D:4)
  1108 foxfires
  59 fungi
  98 plants
1267 creatures vanquished.

Grand Total: 1917 creatures vanquished

Notes
Turn   | Place    | Note
-------+----------+-------------------------------------------
     0 | D:1      | robertstho the Djinni Fire Elementalist began the quest for
                  | the Orb.
     0 | D:1      | Reached XP level 1. HP: 15/15 MP: 0/0
   623 | D:1      | Reached XP level 2. HP: 16/21 MP: 0/0
  1185 | D:1      | Reached skill level 3 in Spellcasting
  1433 | D:1      | Reached XP level 3. HP: 23/25 MP: 0/0
  1433 | D:1      | Learned a level 1 spell: Shock
  1932 | D:2      | Noticed Robin
  1940 | D:2      | Killed Robin
  2524 | D:2      | Reached XP level 4. HP: 30/31 MP: 0/0
  2709 | D:2      | Noticed Jessica
  2717 | D:2      | Killed Jessica
  2908 | D:2      | Found a runed translucent door.
  2909 | D:2      | Noticed Crazy Yiuf
  3125 | D:2      | Reached XP level 5. HP: 29/35 MP: 0/0
  3125 | D:2      | Learned a level 2 spell: Call Imp
  3526 | D:2      | Killed Crazy Yiuf
  3527 | D:2      | Reached skill level 4 in Spellcasting
  3670 | D:3      | Noticed Terence
  3676 | D:3      | Killed Terence
  3750 | D:3      | Reached XP level 6. HP: 29/40 MP: 0/0
  4059 | D:3      | Found an opulent altar of Gozag.
  4095 | D:3      | Became a worshipper of Gozag Ym Sagoz the Greedy
  4653 | D:3      | Found a basalt altar of Yredelemnul.
  4842 | D:4      | Reached skill level 5 in Spellcasting
  4842 | D:4      | Reached XP level 7. HP: 29/45 MP: 0/0
  4842 | D:4      | Learned a level 3 spell: Ignite Poison
  5273 | D:4      | Found an ornate altar of the Wu Jian Council.
  5322 | D:4      | Found a white marble altar of Elyvilon.
  5430 | D:4      | Reached skill level 6 in Spellcasting
  5526 | D:4      | Noticed Duvessa
  5529 | D:4      | Noticed Dowan
  5536 | D:4      | Killed Dowan
  5537 | D:4      | Reached XP level 8. HP: 41/50 MP: 0/0
  5542 | D:4      | Killed Duvessa
  5960 | D:4      | Found a staircase to the Ecumenical Temple.
  6172 | D:5      | Entered Level 5 of the Dungeon
  6360 | D:5      | Reached skill level 7 in Spellcasting
  6888 | D:5      | Reached XP level 9. HP: 45/56 MP: 0/0
  6888 | D:5      | Learned a level 4 spell: Summon Lightning Spire
  6959 | D:5      | Reached skill level 8 in Spellcasting
  7467 | D:5      | Found a sparkling altar of Nemelex Xobeh.
  7467 | D:5      | Found a stormy altar of Qazlal.
  7467 | D:5      | Found a sacrificial altar of Ru.
  8860 | D:6      | Found a glowing golden altar of the Shining One.
  9066 | D:7      | Reached skill level 9 in Spellcasting
  9154 | D:7      | Reached skill level 1 in Fighting
  9926 | D:7      | Found Hoil's Magic Scroll Shop.
  9935 | D:7      | Bought a scroll of torment for 97 gold pieces
  9935 | D:7      | Bought a scroll of identify for 26 gold pieces
  9935 | D:7      | Bought a scroll of identify for 26 gold pieces
  9935 | D:7      | Bought a scroll of enchant weapon for 97 gold pieces
  9935 | D:7      | Bought a scroll of blinking for 97 gold pieces
  9935 | D:7      | Bought a scroll of fear for 45 gold pieces
  9935 | D:7      | Bought a scroll of blinking for 97 gold pieces
  9935 | D:7      | Bought a scroll of fear for 45 gold pieces
  9935 | D:7      | Bought a scroll of identify for 26 gold pieces
  9935 | D:7      | Bought a scroll of blinking for 97 gold pieces
  9935 | D:7      | Bought a scroll of identify for 26 gold pieces
  9940 | D:7      | Identified a scroll of acquirement
  9943 | D:7      | Acquired 391 gold pieces
  9959 | D:7      | Found Weac's Weapon Boutique.
  9982 | D:7      | Noticed Harold
  9993 | D:7      | Killed Harold
  9994 | D:7      | Reached XP level 10. HP: 23/62 MP: 0/0
 10489 | D:7      | Found Rihes's Magic Scroll Shop.
 10502 | D:7      | Bought a scroll of identify for 22 gold pieces
 10502 | D:7      | Bought a scroll of identify for 22 gold pieces
 10502 | D:7      | Bought a scroll of teleportation for 33 gold pieces
 10502 | D:7      | Bought a scroll of teleportation for 33 gold pieces
 10502 | D:7      | Bought a scroll of blinking for 82 gold pieces
 10502 | D:7      | Bought a scroll of identify for 22 gold pieces
 10502 | D:7      | Bought a scroll of teleportation for 33 gold pieces
 10502 | D:7      | Bought a scroll of noise for 11 gold pieces
 10502 | D:7      | Bought a scroll of identify for 22 gold pieces
 10582 | D:8      | Reached skill level 10 in Spellcasting
 11344 | D:8      | Found a staircase to the Lair.
 11345 | D:8      | Noticed a komodo dragon
 11352 | D:8      | Killed a komodo dragon
 12083 | D:9      | Reached skill level 5 in Dodging
 12475 | D:9      | Noticed a death knight
 12682 | Lair:1   | Entered Level 1 of the Lair of Beasts
 12709 | Lair:1   | Noticed a komodo dragon
 12719 | Lair:1   | Killed a komodo dragon
 12732 | Lair:1   | Noticed a cane toad
 12742 | Lair:1   | Killed a cane toad
 12891 | Lair:1   | Reached skill level 11 in Spellcasting
 13044 | Lair:1   | Reached XP level 11. HP: 62/68 MP: 0/0
 13044 | Lair:1   | Learned a level 5 spell: Lightning Bolt
 13887 | Lair:1   | Reached skill level 12 in Spellcasting
 14228 | Lair:2   | Noticed a four-headed hydra
 14239 | Lair:2   | Killed a four-headed hydra
 14351 | Lair:2   | Found a gate leading to a gauntlet.
 14363 | Gauntlet | Entered a Gauntlet
 14363 | Gauntlet | Found a transporter.
 14618 | Gauntlet | Found a transporter.
 14625 | Gauntlet | Noticed a two-headed ogre
 14629 | Gauntlet | Found a transporter.
 14632 | Gauntlet | Found a transporter.
 14637 | Gauntlet | Noticed a reaper
 14641 | Gauntlet | Found a transporter.
 14660 | Gauntlet | Noticed a fire crab
 14662 | Gauntlet | Found a transporter.
 14671 | Gauntlet | Noticed a necromancer
 14673 | Gauntlet | Found a transporter.
 14673 | Gauntlet | Noticed a death yak
 14680 | Gauntlet | Noticed a death yak
 14682 | Gauntlet | Noticed a balrug
 14683 | Gauntlet | Found a runed translucent gate.
 14684 | Gauntlet | Found a transporter.
 14685 | Gauntlet | Found a runed translucent gate.
 14685 | Gauntlet | Found a runed translucent gate.
 14703 | Gauntlet | Found a transporter.
 14718 | Gauntlet | Found a transporter.
 14719 | Gauntlet | Found a transporter.
 14765 | Gauntlet | Noticed a death yak
 14765 | Gauntlet | Noticed a death yak
 14767 | Gauntlet | Found a transporter.
 14768 | Gauntlet | Noticed a death yak
 14781 | Gauntlet | Found a transporter.
 14793 | Gauntlet | Found a transporter.
 14857 | Gauntlet | Noticed a salamander
 14860 | Gauntlet | Noticed a lindwurm
 14860 | Gauntlet | a salamander changed into a lindwurm
 14903 | Gauntlet | a lindwurm changed into a jumping spider
 14942 | Gauntlet | Noticed an orb spider
 14942 | Gauntlet | a blink frog changed into an orb spider
 14945 | Gauntlet | Noticed a cyclops
 14945 | Gauntlet | a guardian serpent changed into a cyclops
 14963 | Gauntlet | an orb spider changed into a hornet
 15008 | Gauntlet | Noticed a mana viper
 15019 | Gauntlet | Noticed a lindwurm
 15019 | Gauntlet | a wind drake changed into a lindwurm
 15036 | Gauntlet | Noticed a sea snake
 15036 | Gauntlet | a lindwurm changed into a sea snake
 15042 | Gauntlet | a cyclops changed into a guardian serpent
 15053 | Gauntlet | Noticed a mana viper
 15053 | Gauntlet | a sea snake changed into a mana viper
 15069 | Gauntlet | Noticed a shining eye
 15360 | Gauntlet | Identified the +2 hat "Zabiykk" {Stlth+}
 15369 | Gauntlet | Killed a death yak
 15370 | Gauntlet | Killed a death yak
 15372 | Gauntlet | Killed a death yak
 15373 | Gauntlet | Reached XP level 12. HP: 28/76 MP: 0/0
 15379 | Gauntlet | Killed a death yak
 15386 | Gauntlet | Killed a death yak
 15648 | Gauntlet | Noticed a minotaur
 15653 | Gauntlet | Killed a minotaur
 15654 | Gauntlet | Reached skill level 1 in Shields
 15654 | Gauntlet | Reached skill level 13 in Spellcasting
 16179 | Lair:2   | Found a hole to the Spider Nest.
 16842 | Lair:3   | Noticed an eight-headed hydra
 16851 | Lair:3   | Killed an eight-headed hydra
 17251 | Lair:3   | HP: 1/76 [elephant (14)]
 17995 | Lair:3   | Noticed a six-headed hydra
 17999 | Lair:3   | Killed a six-headed hydra
 18437 | Lair:4   | Reached skill level 14 in Spellcasting
 18452 | Lair:4   | Reached XP level 13. HP: 36/80 MP: 0/0
 18452 | Lair:4   | Learned a level 5 spell: Alistair's Intoxication
 18892 | Lair:4   | Noticed a six-headed hydra
 18895 | Lair:4   | Killed a six-headed hydra
 19284 | Lair:4   | Noticed a six-headed hydra
 19303 | Lair:4   | Killed a six-headed hydra
 19371 | Lair:4   | Noticed a fire dragon
 19392 | Lair:4   | Killed a fire dragon
 19907 | Lair:4   | Noticed Urug
 19926 | Lair:4   | Killed Urug
 19927 | Lair:4   | Reached skill level 15 in Spellcasting
 20322 | Lair:4   | Noticed Nergalle
 20338 | Lair:4   | Killed Nergalle
 20756 | Lair:4   | Noticed a six-headed hydra
 20760 | Lair:4   | Killed a six-headed hydra
 20761 | Lair:4   | Reached skill level 5 in Stealth
 21080 | Lair:4   | Found a staircase to the Swamp.
 21229 | Lair:5   | Bought a scroll of enchant weapon for 127 gold pieces
 21229 | Lair:5   | Bought a scroll of teleportation for 51 gold pieces
 21229 | Lair:5   | Bought a scroll of identify for 34 gold pieces
 21229 | Lair:5   | Bought a scroll of identify for 34 gold pieces
 21229 | Lair:5   | Bought a scroll of identify for 34 gold pieces
 21229 | Lair:5   | Bought a scroll of identify for 34 gold pieces
 21229 | Lair:5   | Bought a scroll of identify for 34 gold pieces
 21229 | Lair:5   | Bought a scroll of enchant weapon for 127 gold pieces
 21229 | Lair:5   | Bought a scroll of identify for 34 gold pieces
 21650 | Lair:5   | Identified the +10 lajatang of the Inferno {protect, *Slow
                  | rF+ rC++}
 21694 | Lair:5   | Noticed a boulder beetle
 21716 | Lair:5   | Killed a boulder beetle
 21997 | Lair:5   | Found a bloodstained altar of Trog.
 22729 | Lair:6   | Entered Level 6 of the Lair of Beasts
 22729 | Lair:6   | Noticed an eight-headed hydra
 22961 | Lair:6   | Noticed a five-headed hydra
 22962 | Lair:6   | Killed an eight-headed hydra
 22970 | Lair:6   | Reached XP level 14. HP: 15/87 MP: 0/0
 23445 | Lair:6   | HP: 4/87 [cane toad (10)]
 23803 | Lair:6   | Found a staircase to the Slime Pits.
 24100 | Lair:6   | Reached skill level 16 in Spellcasting
 27110 | Swamp:1  | Entered Level 1 of the Swamp
 27625 | D:9      | Found a shadowy altar of Dithmenos.
 28067 | D:10     | Entered Level 10 of the Dungeon
 28199 | D:10     | Found a blossoming altar of Fedhas.
 28710 | D:10     | Found a staircase to the Orcish Mines.
 28986 | D:11     | Reached skill level 17 in Spellcasting
 29833 | D:11     | Reached XP level 15. HP: 82/92 MP: 0/0
 29833 | D:11     | Learned a level 6 spell: Statue Form
 29983 | D:11     | Found Fuasik's Weapon Shop.
 30355 | Orc:1    | Entered Level 1 of the Orcish Mines
 30534 | Orc:2    | Entered Level 2 of the Orcish Mines
 30958 | Orc:2    | Found a staircase to the Elven Halls.
 32011 | Orc:2    | Noticed Saint Roka
 32024 | Orc:2    | Killed Saint Roka
 32747 | Orc:2    | Found Soara's Antique Weapon Boutique.
 32930 | Orc:2    | Found Uraoskui's Antique Armour Boutique.
 32947 | Orc:2    | Found Zouweodd's Book Boutique.
 32999 | Orc:2    | Bought a runed helmet for 307 gold pieces
 32999 | Orc:2    | Bought a runed helmet for 307 gold pieces
 33112 | Orc:2    | Found Lekoc's General Store.
 33118 | Orc:2    | Bought a scroll of acquirement for 728 gold pieces
 33119 | Orc:2    | Acquired a +1 helmet of see invisible
 33329 | Orc:1    | Found a transporter.
 33354 | Orc:1    | Found a transporter.
 33612 | Orc:1    | Noticed Exaltedone87's ghost (journeyman DsGl)
 33928 | Orc:1    | Found the +7 lajatang of Order {silver, rMut}
 34475 | Spider:1 | Entered Level 1 of the Spider Nest
 35072 | Spider:1 | Reached skill level 1 in Staves
 35146 | Spider:1 | Slain by a demonic crawler

Illustrated notes

Levels and vault maps discovered:
D:1:      enne_arrival_octagon_isle, layout_basic
D:2:      layout_basic, bh_walls_and_bars, uniq_crazy_yiuf_cottage,
          uniq_jessica, uniq_robin
D:3:      layout_rooms, mainiacjoe_overflow_alcove_2,
          mainiacjoe_overflow_large_starburst, serial_park_tiny_1,
          minmay_between, uniq_terence
D:4:      layout_cave_pools, lemuel_round_altar,
          nicolae_elyvilon_peaceful_grove, minmay_temple_entry_drinking_statues,
          minmay_diced_spiral, uniq_duvessa
D:5:      layout_basic, gammafunk_temple_overflow_claw
D:6:      layout_layer_cave, nicolae_tso_swordbearing_angel
D:7:      layout_basic, serial_shops, shop, shop_coins, shop_fountains,
          uniq_harold
D:8:      layout_loops_ring, david_lair_shrubbed
D:9:      layout_cave_pools, lemuel_tele_altar, kennysheep_cross_room,
          minmay_microvault
D:10:     layout_rooms, grunt_temple_overflow_growth_and_decay
D:11:     layout_roguey [special_room_orc], serial_shops, shop
Lair:1:   layout_misc_corridors, infiniplex_staircase_pool_2,
          lemuel_fruit_fields
Lair:2:   layout_misc_corridors, spider_nest_entry_a, gauntlet_entry_generic
Lair:3:   layout_concentric_octagons, grunt_megastairs_4
Lair:4:   layout_gridlike, palyth_hydra_swamp_entry, bobbens_dragon_lair_wall,
          uniq_nergalle, uniq_urug
Lair:5:   layout_roguey, basic_altar, minivault_23
Lair:6:   minmay_lair_end_enchanted_forest, layout_layer_cave, slime_dummy,
          serial_bayou_shore_a, minmay_lair_oklob_chamber, grunt_megastairs_3,
          lemuel_fruit_tree
Swamp:1:  layout_basic_swamp, evilmike_swamp_ruin_house_4, swamp_pool1,
          hangedman_swamp_ravenous, uniq_josephine, uniq_aizul
Spider:1: layout_spider_delve
Orc:1:    layout_caves, gammafunk_ghost_berserking_beasts
Orc:2:    grunt_orc_cross, layout_diamond_mine, basic_altar

Skill      XL: |  1  2  3  4  5  6  7  8  9 10 11 12 13 14 15 |
---------------+----------------------------------------------+-----
Spellcasting   | 3 4 5 6 7 9 11 12 14 15 17 | 17.9
Dodging        | 3 5 6 7 |  7.4
Stealth        | 2 3 4 5 |  5.3
Fighting       | 1 2 3 |  3.4
Shields        | 1 2 3 |  3.3
Staves         | 1 |  1.0

Action                   |  1- 3 |  4- 6 |  7- 9 | 10-12 | 13-15 || total
-------------------------+-------+-------+-------+-------+-------++-------
Melee: Short sword       |     3 |     5 |     2 |     6 |     4 ||    20
       Lajatang          |       |       |       |       |     6 ||     6
 Cast: Foxfire           |    80 |   130 |   294 |   162 |       ||   666
       Sticky Flame      |       |     1 |     6 |    20 |    24 ||    51
       Conjure Flame     |       |       |     2 |       |       ||     2
       Summon Lightning  |       |       |     7 |    41 |    80 ||   128
       Fireball          |       |       |     6 |    51 |   336 ||   393
       Lightning Bolt    |       |       |       |    25 |    21 ||    46
       Alistair's Intoxi |       |       |       |       |    31 ||    31
       Statue Form       |       |       |       |       |     3 ||     3
Invok: Potion Petition   |       |       |       |     1 |       ||     1
       Call Merchant     |       |       |       |       |     1 ||     1
  Use: Scroll            |       |       |    16 |    15 |    13 ||    44
       Potion            |       |       |       |     6 |     5 ||    11
 Stab: Confused          |       |       |       |       |     1 ||     1
Armor: Robe              |     1 |     2 |     5 |    15 |    13 ||    36
       Skin              |       |       |       |       |    63 ||    63
Dodge: Dodged            |     7 |    11 |    25 |    42 |   107 ||   192
       Repelled          |       |     1 |       |       |     4 ||     5
Block: Other             |       |       |       |    11 |    35 ||    46
       Reflection        |       |       |       |     1 |     1 ||     2
